Cogmind - Beta 14 @@@ ROGUE MODE // 2024.08.08 @ 15:24:16 Player: dp-fld Result: Destroyed by L-41 Fighter with Axe Performance ------------- Evolutions (5) 2500 Regions Visited (11) 2200 Robots Destroyed (145) 725 Value Destroyed (4757) 4757 Prototype IDs (27) 540 Alien Tech Used (0) 0 Bonus (3281) 3281 TOTAL SCORE: 14003 Bonus ------- Triggered High Security 500 High Alert Combat Kills 1086 Follower Combat Kills 1832 Registered with UFD 300 Met Imprinter 300 Friendly Fire -737 Cogmind --------- Core Integrity 0/1000 Matter 267/300 Energy 75/100 System Corruption 6% Temperature Cool (18) Movement Core (750) Ox14 Location -5/Extension Parts ------- > --- POWER (1) -------- (None) > --- PROPULSION (4) --- (None) > --- UTILITY (8) ------ High-capacity Storage Unit > --- WEAPON (4) ------- Power Sword > --- INVENTORY (20) --- Advanced Heat Sink Makeshift Microdissipator Network Makeshift Microdissipator Network Advanced Signal Interpreter Hardlight Generator Long-range Tractor Beam Phasing AFG Thermic Laser Magnetic Acceleration Cannon CPS Tube (2) Vortex Trap Peak State ------------ > --- POWER ------------ Neutrino Core > --- PROPULSION ------- Overtuned Huge Scrapsphere Overtuned Huge Scrapsphere > --- UTILITY ---------- Scrap Suit Experimental Heat Sink Makeshift Microdissipator Network High-capacity Storage Unit Advanced Targeting Computer Improved Target Analyzer Improved Weapon Cycler > --- WEAPON ----------- Thermic Laser Improved Heavy Laser Advanced Plasma Cannon KE Penetrator > --- INVENTORY -------- Light Angular Momentum Engine Neutrino Core Overtuned Huge Scrapsphere Makeshift Microdissipator Network Makeshift Microdissipator Network Gravity Neutralizer Advanced Signal Interpreter Long-range Tractor Beam Phasing AFG Proton Cannon Heavy Phase Cannon Heavy Phase Cannon Heavy Phase Cannon Heavy Phase Cannon CPS Tube Power Sword CR-A16's Pointy Stick Vortex Trap Botcube [Rating: 98] Favorites ----------- Power Light Ion Engine Engine Light Ion Engine Power Core Nuclear Core Propulsion Light Treads Treads Light Treads Leg Improved Carbon-fiber Leg Wheel Overtuned Huge Scrapsphere Hover Unit Antigrav System Flight Unit Nuclear Pulse Thruster Utility High-capacity Storage Unit Device Seismic Detector Storage High-capacity Storage Unit Processor Advanced Targeting Computer Protection Hardened Medium Armor Plating Weapon Particle Gun Energy Gun Particle Gun Energy Cannon Heavy Phase Cannon Ballistic Gun Coil Gun Ballistic Cannon Flak Cannon Launcher Subdweller Shrapnel Launcher Impact Weapon Mace Slashing Weapon Power Sword Piercing Weapon CR-A16's Pointy Stick Build | -11 -10 -10 -8 -8 -6 -6 -6 -6 -5 -5 -5 ------- Run | Yrd Mat Sub Rec Scr Fac Low Low Zio Pro Fac Ext Slots Evolved 10 | . . . . . 8 . . . . 2 . Power . | . . . . . . . . . . . . Propulsion 2 | . . . . . 2 . . . . . . Utility 6 | . . . . . 6 . . . . . . Weapon 2 | . . . . . . . . . . 2 . Parts Attached 194 | 9 19 15 7 . 72 16 3 8 3 19 23 Power 20 | 1 2 1 1 . 7 1 1 . . 2 4 Engine 12 | 1 2 1 1 . 4 . . . . 1 2 Core 8 | . . . . . 3 1 1 . . 1 2 Reactor . | . . . . . . . . . . . . Propulsion 36 | 2 4 5 2 . 15 6 1 . . . 1 Treads 9 | . . 2 2 . 5 . . . . . . Leg 17 | 2 4 1 . . 7 3 . . . . . Wheel 7 | . . 2 . . 2 1 1 . . . 1 Hover 2 | . . . . . . 2 . . . . . Flight 1 | . . . . . 1 . . . . . . Utility 65 | 2 3 1 1 . 29 6 1 4 2 9 7 Device 41 | 1 1 1 . . 17 3 1 4 2 8 3 Storage 6 | 1 1 . 1 . 3 . . . . . . Processor 4 | . . . . . 2 2 . . . . . Hackware . | . . . . . . . . . . . . Protection 14 | . 1 . . . 7 1 . . . 1 4 Artifact . | . . . . . . . . . . . . Weapon 73 | 4 10 8 3 . 21 3 . 4 1 8 11 Energy Gun 19 | 3 6 2 1 . 1 2 . 2 . 2 . Energy Cannon 16 | . . 1 . . 7 . . . 1 4 3 Ballistic Gun 16 | 1 1 1 1 . 6 . . 1 . 2 3 Ballistic Cannon 4 | . . 1 1 . 2 . . . . . . Launcher 6 | . . 2 . . 2 . . . . . 2 Special Weapon . | . . . . . . . . . . . . Impact Weapon 6 | . 3 1 . . 2 . . . . . . Slashing Weapon 4 | . . . . . 1 1 . 1 . . 1 Piercing Weapon 2 | . . . . . . . . . . . 2 Special Melee Weapon . | . . . . . . . . . . . . Unidentified Prototypes 6 | . . . . . 3 1 . 1 . 1 . Corrupted Parts 3 | . . . . . . 2 . . . . 1 System Corruption 13 | . . . . . . 11 . . . . 2 Parts Lost 41 | . . 2 . . 9 7 . . 2 . 21 Power 5 | . . 1 . . 1 . . . . . 3 Propulsion 11 | . . 1 . . 3 4 . . . . 3 Utility 15 | . . . . . 4 1 . . 2 . 8 Weapon 10 | . . . . . 1 2 . . . . 7 Highest Loss Streak 11 | . . 2 . . 4 4 . . 2 . 11 To Critical Strikes . | . . . . . . . . . . . . Average Slot Usage (%) 93 | . 100 99 100 100 90 80 81 78 78 81 79 Engine 8 | . 14 13 14 14 2 . . . . 1 2 Core 1 | . . . . . 3 6 6 6 6 3 1 Treads 14 | . . 7 23 28 14 . . . . . . Leg 7 | . 28 12 . . 10 18 4 . . . . Wheel 2 | . . 8 4 . . . 10 13 13 11 11 Device 17 | . 13 14 14 14 21 22 23 25 24 22 21 Storage 10 | . 14 14 14 14 7 6 6 6 6 5 5 Processor 3 | . . . . . 9 7 15 13 13 8 5 Protection 1 | . . . . . 4 2 . . . 2 5 Energy Gun 9 | . 25 11 10 14 . 3 6 4 . 9 3 Energy Cannon 2 | . . . 3 . 6 . . . 1 7 10 Ballistic Gun 2 | . 2 2 . . 3 7 . . 6 4 6 Ballistic Cannon 6 | . . 11 13 14 1 . . . . . . Peak Build Rating 98 | 7 13 12 13 17 69 79 82 89 83 98 97 Average Rating 37 | 5 10 11 11 13 56 68 78 80 80 95 91 On Entrance 44 | . 7 11 12 12 17 66 76 82 81 77 97 Naked Turns . | . . . . . . . . . . . . Heaviest Build 105 | 14 26 27 53 53 81 77 67 87 75 91 105 Greatest Support 80 | 20 26 40 40 40 80 72 52 52 40 40 40 Greatest Overweight (x) 6 | 4 1 1 1 1 6 1 1 2 1 2 2 Average Overweight (x) . | . . . . 1 . . 1 1 1 1 1 Largest Inventory Capacity 20 | 8 10 10 20 20 20 20 20 20 20 20 20 Average Capacity 17 | 7 9 10 11 20 20 20 20 20 20 20 20 Most Carried 20 | 5 10 10 13 20 20 20 20 20 20 20 20 Average Carried 15 | 3 9 9 10 14 19 15 19 19 19 19 18 Final Capacity 20 | 8 10 10 20 20 20 20 20 20 20 20 20 Final Carried 20 | 5 10 10 13 20 18 20 20 20 18 20 11 Class Distribution -------------------- 54% | Mutant 28% | Scavenger-Mutant 17% | Scavenger-Scrapper Dominant Class ---------------- Mutant | -10/Materials Scavenger-Mutant | -10/Subcaves Scavenger-Mutant | -8/Recycling Mutant | -8/Scraptown Scavenger-Mutant | -6/Factory Mutant | -6/Lower Caves Scavenger-Scrapper | -6/Lower Caves Scavenger-Scrapper | -6/Zion Scavenger-Scrapper | -5/Proximity Caves Scavenger-Scrapper | -5/Factory Scavenger-Scrapper | -5/Extension Resources | -11 -10 -10 -8 -8 -6 -6 -6 -6 -5 -5 -5 ----------- Run | Yrd Mat Sub Rec Scr Fac Low Low Zio Pro Fac Ext Matter Collected 4314 | 167 287 319 214 . 1220 1109 88 124 120 270 396 Remotely . | . . . . . . . . . . . . Salvage Created 6477 | 43 651 236 433 . 2104 524 . . 238 672 1576 Parts 292 | 9 45 15 21 . 105 21 . . 9 16 51 Haulers Intercepted 4 | . 2 . . . 1 . . . . 1 . Recyclers Shooed 10 | 1 . . 6 . . . . . . . 3 Parts Field Recycled . | . . . . . . . . . . . . Retrieved Matter . | . . . . . . . . . . . . Parts Self-Destructed 74 | . . 4 . . . 41 14 . 15 . . Prevented 3 | . . . . . . 3 . . . . . Kills | -11 -10 -10 -8 -8 -6 -6 -6 -6 -5 -5 -5 ------- Run | Yrd Mat Sub Rec Scr Fac Low Low Zio Pro Fac Ext Combat Hostiles Destroyed 108 | . 14 12 2 . 36 10 . . 5 9 20 Guns 56 | . 14 4 . . 15 10 . . 1 5 7 Cannons 30 | . . 4 2 . 15 . . . 3 2 4 AOE 17 | . . 4 . . 5 . . . . 1 7 Classes Destroyed 18 | 1 6 2 1 . 4 1 . . . . 3 Worker 9 | . . . . . 6 . . . . 3 . Builder 3 | . 1 . 1 . . . . . . . 1 Tunneler 3 | 2 . . . . 1 . . . . . . Hauler 4 | . 2 . . . 1 . . . . 1 . Recycler 14 | . 3 . 5 . 2 . . . . . 4 Turret 2 | . . 2 . . . . . . . . . Watcher 1 | . 1 . . . . . . . . . . Swarmer 40 | . 9 6 . . 14 7 . . 3 . 1 Saboteur 2 | . . . . . . . . . . . 2 Grunt 39 | . 5 . . . 10 2 . . 2 8 12 Duelist 1 | . . . . . . . . . . . 1 Sentry 9 | . . . 2 . 4 1 . . . 1 1 Demolisher 1 | . . . . . . . . . . . 1 Hunter 2 | . . . . . 1 . . . . . 1 Programmer 7 | . . . . . 6 . . . . . 1 Behemoth 1 | . . . . . 1 . . . . . . Subdweller 6 | . . 6 . . . . . . . . . Scrapoid 1 | . . . . . . 1 . . . . . Packrat 1 | . . . . . . 1 . . . . . Best Kill Streak 9 | 2 4 4 2 . 7 3 . . 5 9 9 Combat Bots Only 9 | . 4 4 1 . 5 3 . . 5 4 9 Max Kills in Single Turn 4 | 1 2 3 1 . 4 2 . . 1 2 2 Gunslinging 1 | . 1 . . . 1 1 . . . . . Exploded 3 | . . 3 . . 3 . . . . 1 2 Melee . | . . . . . . . . . . . . Uniques/NPCs Destroyed 1 | . . . . . . . . . . . 1 A7 (-5/Extension) Combat | -11 -10 -10 -8 -8 -6 -6 -6 -6 -5 -5 -5 -------- Run | Yrd Mat Sub Rec Scr Fac Low Low Zio Pro Fac Ext Hostile Shots Fired 1083 | . 53 121 2 . 383 179 . . 40 60 245 Missed 335 | . 14 46 1 . 136 53 . . 14 11 60 Damage Taken 11705 | . 371 691 15 . 3629 1354 . . 478 765 4402 Core 1723 | . 44 165 . . 329 98 . . 53 60 974 Absorbed by Shields 270 | . . . . . . . . . . . 270 Redirected to Shielding 55 | . . . . . . . . . . . 55 Regen/Repaired (Parts) 557 | . 62 . . . 140 . . . . 5 350 Core Remaining (%) 53 | 100 . . . 16 . . . . 43 . . Volleys Fired 384 | 4 47 35 24 . 129 35 . 1 10 26 73 Largest 4 | 2 2 2 2 . 2 2 . 1 2 4 4 Hottest 348 | 90 130 119 124 . 175 150 . 65 133 348 311 Shots Fired 826 | 8 94 70 41 . 230 70 1 1 20 91 200 Gun 507 | 8 94 35 18 . 105 70 1 1 10 63 102 Cannon 308 | . . 33 23 . 122 . . . 10 28 92 Launcher 11 | . . 2 . . 3 . . . . . 6 Special . | . . . . . . . . . . . . Kinetic 301 | . 1 37 18 . 95 56 . . 10 20 64 Thermal 514 | 8 93 33 23 . 131 14 1 1 10 70 130 Explosive 1 | . . . . . . . . . . . 1 Electromagnetic 10 | . . . . . 4 . . . . 1 5 Robot Hit Streak 16 | 4 15 6 6 . 14 8 5 . 5 16 16 Robot Miss Streak 11 | 1 5 6 5 . 4 11 . . 1 2 3 Penetration Max 1 | . . . . . 1 . . . 1 1 1 Secondary Targets 10 | . 2 1 . . 3 4 . . . . . Max Gunslinging Chain 1 | . 1 1 . . 1 1 . . . . . Shots Hit Robots 515 | 6 53 41 27 . 142 43 1 . 15 55 132 Core Hits 259 | 3 26 18 13 . 70 18 . . 9 21 81 Critical Kills 15 | . . 1 1 . 9 . . . 1 1 2 Critical Parts Destroyed 6 | . . . . . 4 1 . . 1 . . Critical Strikes 41 | . 1 3 1 . 16 3 . . 2 7 8 Burn 17 | . 1 1 . . 3 . . . . 6 6 Meltdown 8 | . . 1 1 . 2 . . . 1 1 2 Destroy 14 | . . . . . 11 2 . . 1 . . Blast 1 | . . 1 . . . . . . . . . Sever 1 | . . . . . . 1 . . . . . Melee Attacks 35 | . 7 1 . . 15 5 . 1 . . 6 Impact 18 | . 7 1 . . 10 . . . . . . Slashing 11 | . . . . . 5 5 . 1 . . . Piercing 6 | . . . . . . . . . . . 6 Sneak Attacks 6 | . . . . . . 5 . . . . 1 Combat Hostiles . | . . . . . . . . . . . . Follow-up Attacks . | . . . . . . . . . . . . Damage Inflicted 17170 | 68 834 1127 508 . 4880 1283 22 . 343 2048 6057 Guns 6267 | 68 832 315 176 . 1275 857 22 . 60 1013 1649 Cannons 6275 | . . 435 332 . 2577 . . . 283 591 2057 Explosions 3860 | . . 377 . . 907 . . . . 444 2132 Melee 685 | . . . . . 121 426 . . . . 138 Ramming 83 | . 2 . . . . . . . . . 81 Kinetic 4565 | . . 751 199 . 1390 704 . . 60 281 1180 Thermal 10135 | 68 832 376 309 . 3313 153 22 . 283 1767 3012 Explosive 1059 | . . . . . . . . . . . 1059 Electromagnetic 643 | . . . . . 56 . . . . . 587 Impact 121 | . . . . . 121 . . . . . . Slashing 426 | . . . . . . 426 . . . . . Piercing 138 | . . . . . . . . . . . 138 Highest Corruption 16 | . . . . . 5 16 16 16 . . 6 Average Corruption 5 | . . . . . 3 8 16 16 . . 4 Corruption Purged . | . . . . . . . . . . . . Corruption Blocked . | . . . . . . . . . . . . Effects 119 | . . . . . 64 42 8 3 . . 2 Message Errors 27 | . . . . . 13 11 1 2 . . . Matter Fused 25 | . . . . . 12 8 4 1 . . . Heat Flow Errors 10 | . . . . . 4 6 . . . . . Energy Discharges 23 | . . . . . 16 5 1 . . . 1 Parts Fused 2 | . . . . . 2 . . . . . . Data Loss (minor) 19 | . . . . . 11 7 1 . . . . Data Loss (major) 5 | . . . . . 2 2 . . . . 1 Misfires 5 | . . . . . 3 1 1 . . . . Alerts 2 | . . . . . . 2 . . . . . Weapon Failures 1 | . . . . . 1 . . . . . . Overload Shots . | . . . . . . . . . . . . Overflow Damage 467 | . . 55 4 . 157 36 . . . 179 36 Projectiles 166 | . . 16 4 . 89 . . . . 33 24 Explosions 263 | . . 39 . . 66 . . . . 146 12 Melee 38 | . . . . . 2 36 . . . . . Knockbacks 14 | . . 3 10 . 1 . . . . . . Impact 1 | . . . . . 1 . . . . . . Kinetic 13 | . . 3 10 . . . . . . . . Secondary . | . . . . . . . . . . . . Self-Inflicted Damage 216 | . . . . . . . . . . . 216 Shots 4 | . . . . . . . . . . . 4 Rammed 6 | . . . . . . . . . . . 6 Targets Rammed 8 | . 2 . . . . . . . . . 6 Kicked 2 | . 2 . . . . . . . . . . Crushed . | . . . . . . . . . . . . Highest Temperature 442 | 72 401 33 123 . 442 180 . . 16 200 200 Average Temperature 105 | 36 136 7 36 . 87 71 . . 9 152 112 Received Heat Transfer 2272 | . 108 231 9 . 894 219 . . 96 153 562 Effects 9 | . 3 . . . 1 . . . . 2 3 Shutdowns 1 | . . . . . 1 . . . . . . Energy Bleed 5 | . . . . . . . . . . 2 3 Interference 2 | . 2 . . . . . . . . . . Damage (minor) 1 | . 1 . . . . . . . . . . Siege Activations . | . . . . . . . . . . . . Robots Corrupted 1 | . . . . . 1 . . . . . . Combat Hostiles 1 | . . . . . 1 . . . . . . Parts Fried 2 | . . . . . 2 . . . . . . Impact Corruptions 1 | . . . . . 1 . . . . . . Robots Melted 8 | . . 1 1 . 2 . . . 1 1 2 Combat Hostiles 4 | . . . . . . . . . 1 1 2 Parts Melted 38 | . 3 1 1 . 12 . . . 2 8 11 Heat Transferred 16046 | 174 2035 669 592 . 4489 236 37 . 400 2936 4478 Parts Sabotaged . | . . . . . . . . . . . . Parts Stolen 1 | . . . . . . 1 . . . . . Parts Stripped . | . . . . . . . . . . . . Power Chain Reactions 3 | . . . . . . . . . . . 3 Alert | -11 -10 -10 -8 -8 -6 -6 -6 -6 -5 -5 -5 ------- Run | Yrd Mat Sub Rec Scr Fac Low Low Zio Pro Fac Ext Peak Influence 1941 | 10 232 . 92 . 962 . . . . 224 1941 Initial 109 | . 6 . 26 . . . . . . 85 109 Average 318 | 2 85 . 25 . 280 . . . . 131 1135 Maximum Alert Level 5 | . 1 . . . 3 . . . . 1 5 Low Security (%) 66 | 100 95 . 100 . 61 . . . . 59 6 Level 1 8 | . 4 . . . 10 . . . . 40 3 Level 2 8 | . . . . . 13 . . . . . 19 Level 3 6 | . . . . . 15 . . . . . 1 Level 4 6 | . . . . . . . . . . . 44 Level 5 2 | . . . . . . . . . . . 13 High Security 1 | . . . . . . . . . . . 10 Max Security . | . . . . . . . . . . . . Squads Dispatched 35 | . 3 . . . 16 . . . . 2 14 Investigation 3 | . 1 . . . 1 . . . . . 1 Extermination 6 | . . . . . 6 . . . . . . Reinforcement 11 | . 2 . . . 5 . . . . 1 3 Assault 11 | . . . . . 1 . . . . . 10 Garrison 4 | . . . . . 3 . . . . 1 . Intercept . | . . . . . . . . . . . . Searches Triggered . | . . . . . . . . . . . . Construction Impeded 2 | . . . . . 1 . . . . 1 . Haulers Reinforced . | . . . . . . . . . . . . Active Scanning Responses . | . . . . . . . . . . . . Cargo Convoy Interrupts 1 | . . . . . 1 . . . . . . Stealth | -11 -10 -10 -8 -8 -6 -6 -6 -6 -5 -5 -5 --------- Run | Yrd Mat Sub Rec Scr Fac Low Low Zio Pro Fac Ext Distress Signals 7 | . 3 . . . 2 . . . . . 2 Communications Jammed . | . . . . . . . . . . . . Distress Signals . | . . . . . . . . . . . . Times Spotted 226 | . 29 17 1 . 53 13 . . 9 10 94 Peak Tracking Total 20 | . 5 6 1 . 7 3 . . 7 4 20 Tactical Retreats 14 | . 3 3 . . 3 1 . . . . 4 Traps | -11 -10 -10 -8 -8 -6 -6 -6 -6 -5 -5 -5 ------- Run | Yrd Mat Sub Rec Scr Fac Low Low Zio Pro Fac Ext Traps Triggered 5 | . 1 . . . 1 . . . . 1 2 Indirectly . | . . . . . . . . . . . . Trap Hack Attempts . | . . . . . . . . . . . . Triggered . | . . . . . . . . . . . . Disarmed . | . . . . . . . . . . . . Reprogrammed . | . . . . . . . . . . . . Reused . | . . . . . . . . . . . . Traps Extracted . | . . . . . . . . . . . . Installed . | . . . . . . . . . . . . Triggered 4 | . . . . . 1 2 . . 1 . . Most Traps Carried 1 | . . . . 1 1 1 1 1 1 1 1 Machines | -11 -10 -10 -8 -8 -6 -6 -6 -6 -5 -5 -5 ---------- Run | Yrd Mat Sub Rec Scr Fac Low Low Zio Pro Fac Ext Machines Disabled 28 | . . 4 . . 12 1 . . . 3 8 Max in Single Turn 5 | . . 4 . . 5 1 . . . 2 1 Energy Cycler 2 | . . . . . . . . . . . 2 Machines Repaired . | . . . . . . . . . . . . Machines Dismantled . | . . . . . . . . . . . . Machines Sabotaged . | . . . . . . . . . . . . Overloaded Fab Kills . | . . . . . . . . . . . . Hacking | -11 -10 -10 -8 -8 -6 -6 -6 -6 -5 -5 -5 --------- Run | Yrd Mat Sub Rec Scr Fac Low Low Zio Pro Fac Ext Machines Accessed 40 | . 8 . 6 6 10 1 . . . 4 5 Terminals 21 | . 6 . 3 . 4 1 . . . 3 4 Fabricators 2 | . . . . . 2 . . . . . . Repair Stations 5 | . 1 . . . 3 . . . . . 1 Recycling Units 4 | . 1 . 3 . . . . . . . . Scanalyzers . | . . . . . . . . . . . . Garrison Access 2 | . . . . . 1 . . . . 1 . Total Hacks 106 | . 23 . 11 29 23 2 . . . 6 12 Successful 58 | . 9 . 4 29 7 2 . . . 1 6 Failed 47 | . 13 . 7 . 16 . . . . 5 6 Catastrophic 9 | . 4 . 1 . 2 . . . . 1 1 Database Lockouts 1 | . 1 . . . . . . . . . . Manual 21 | . 9 . 1 . 7 . . . . 3 1 Terminals 49 | . 18 . 5 . 10 2 . . . 5 9 Fabricators 3 | . . . . . 3 . . . . . . Repair Stations 13 | . 3 . . . 7 . . . . . 3 Recycling Units 8 | . 2 . 6 . . . . . . . . Scanalyzers . | . . . . . . . . . . . . Garrison Access 4 | . . . . . 3 . . . . 1 . Terminal Hacks 46 | . 7 . 1 29 3 2 . . . . 4 Record 24 | . . . . 22 . 2 . . . . . Robot Analysis 7 | . 1 . . 6 . . . . . . . Prototype ID Bank 7 | . 3 . 1 . 1 . . . . . 2 Branch Access Points 2 | . . . . . 1 . . . . . 1 Locate Traps 3 | . 2 . . . . . . . . . 1 Hauler Manifests 2 | . 1 . . . 1 . . . . . . Derelict Proto ID Bank 1 | . . . . 1 . . . . . . . Fabricator Hacks . | . . . . . . . . . . . . Repair Station Hacks 7 | . 2 . . . 3 . . . . . 2 Scan Component 4 | . 1 . . . 2 . . . . . 1 Repair 3 | . 1 . . . 1 . . . . . 1 Recycling Unit Hacks 2 | . . . 2 . . . . . . . . Retrieve Components 2 | . . . 2 . . . . . . . . Scanalyzer . | . . . . . . . . . . . . Garrison Access Hacks . | . . . . . . . . . . . . Unauthorized Hacks 3 | . . . 1 . 1 . . . . 1 . Terminals 2 | . . . 1 . . . . . . 1 . Botnet 1 | . . . 1 . . . . . . . . Skim 1 | . . . . . . . . . . 1 . Fabricators 1 | . . . . . 1 . . . . . . Liberate 1 | . . . . . 1 . . . . . . Repair Stations . | . . . . . . . . . . . . Recycling Units . | . . . . . . . . . . . . Scanalyzers . | . . . . . . . . . . . . Garrison Access . | . . . . . . . . . . . . Data Cores Recovered . | . . . . . . . . . . . . Used . | . . . . . . . . . . . . Hacking Detections 32 | . 8 . 5 . 9 1 . . . 4 5 Full Trace Events 1 | . . . . . 1 . . . . . . Feedback Events 1 | . . . . . 1 . . . . . . Corruption 1 | . . . . . 1 . . . . . . Feedback Blocked . | . . . . . . . . . . . . Robot Schematics Acquired 2 | . . . . . . . . 2 . . . Robots Built . | . . . . . . . . . . . . Authchips . | . . . . . . . . . . . . Time . | . . . . . . . . . . . . Total Robot Build Rating . | . . . . . . . . . . . . Part Schematics Acquired 15 | . . . . . . . . 15 . . . Parts Built . | . . . . . . . . . . . . Authchips . | . . . . . . . . . . . . Time . | . . . . . . . . . . . . Total Part Build Rating . | . . . . . . . . . . . . Parts Repaired 3 | . 1 . . . 1 . . . . . 1 Time 95 | . 32 . . . 19 . . . . . 44 Parts Recycled . | . . . . . . . . . . . . Recycled Matter . | . . . . . . . . . . . . Retrieved Matter . | . . . . . . . . . . . . Retrieved Components 3 | . . . 3 . . . . . . . . Parts Scanalyzed . | . . . . . . . . . . . . Part Schematics Acquired . | . . . . . . . . . . . . Parts Damaged . | . . . . . . . . . . . . Bothacking | -11 -10 -10 -8 -8 -6 -6 -6 -6 -5 -5 -5 ------------ Run | Yrd Mat Sub Rec Scr Fac Low Low Zio Pro Fac Ext Used RIF Installer . | . . . . . . . . . . . . Robots Hacked . | . . . . . . . . . . . . Non-combat . | . . . . . . . . . . . . Combat . | . . . . . . . . . . . . Robot Hacks Applied . | . . . . . . . . . . . . Relay Couplers Released . | . . . . . . . . . . . . Fabnet Peak Effective % . | . . . . . . . . . . . . Robots Rewired 6 | . . . . . . . . . . . 6 Allies Hacked 1 | . . . . . . . . . . . 1 Hacks Repelled . | . . . . . . . . . . . . Allies | -11 -10 -10 -8 -8 -6 -6 -6 -6 -5 -5 -5 -------- Run | Yrd Mat Sub Rec Scr Fac Low Low Zio Pro Fac Ext Total Allies 18 | . . . . . 2 5 . . . . 11 Largest Group 8 | . . . . . 2 5 4 1 1 . 8 Highest-Rated Group 443 | . . . . . 64 238 188 47 47 . 443 Highest-Rated Ally 159 | . . . . . 32 50 47 47 47 . 159 Total Orders . | . . . . . . . . . . . . Ally Attacks 274 | . . . . . 6 . 11 . 26 . 231 Total Damage 6832 | . . . . . 205 . 277 . 427 . 5923 Kills 48 | . . . . . 1 . 1 . 2 . 44 Allies Corrupted . | . . . . . . . . . . . . Allies Melted 1 | . . . . . . . . . . . 1 Intel | -11 -10 -10 -8 -8 -6 -6 -6 -6 -5 -5 -5 ------- Run | Yrd Mat Sub Rec Scr Fac Low Low Zio Pro Fac Ext Robot Analysis Total 7 | . 1 . . 6 . . . . . . . Derelict Logs Recovered 8 | . . . . 4 . 1 . 2 1 . . Drone Launches . | . . . . . . . . . . . . Drone Recoveries . | . . . . . . . . . . . . Exploration | -11 -10 -10 -8 -8 -6 -6 -6 -6 -5 -5 -5 ------------- Run | Yrd Mat Sub Rec Scr Fac Low Low Zio Pro Fac Ext Turns Passed 18658 | 99 2023 1244 1247 5989 3658 1130 141 812 309 632 1374 Spaces Moved 10338 | 59 997 845 647 2490 1778 500 152 973 331 572 994 Core 16 | 16 . . . . . . . . . . . Treads 4199 | . . 60 578 2490 1071 . . . . . . Legs 2554 | 43 997 404 . . 661 449 . . . . . Wheels 3569 | . . 381 69 . 46 51 152 973 331 572 994 Hover . | . . . . . . . . . . . . Flight . | . . . . . . . . . . . . Fastest Speed 50 | 50 120 110 120 240 120 80 80 80 80 80 80 Average Speed 155 | 116 140 128 179 240 163 178 80 80 80 88 89 Slowest Speed 260 | 250 190 240 240 240 260 190 80 90 80 90 90 Overloaded Moves . | . . . . . . . . . . . . Propulsion Burnouts . | . . . . . . . . . . . . Robots Hopped . | . . . . . . . . . . . . Cave-ins Triggered . | . . . . . . . . . . . . Exploration Rate (%) 55 | 3 98 34 89 94 48 55 20 85 52 12 79 Regions Visited 11 Branch Regions 8 Pre-discovered Areas 1 | . . . . 1 . . . . . . . Known Exits Taken 2 | . . . . . 1 . . . . 1 . Unknown Exits Taken 9 | 1 1 1 1 1 . 1 1 1 1 . . Scrap Searched 17 | . . 2 . 5 . 3 . 3 4 . . Spaces Dug 28 | . 4 . . . 22 . . . . 1 1 Terrain Destroyed 310 | . 4 24 1 . 173 2 . . 3 24 79 Melee 14 | . 4 . . . 10 . . . . . . Projectile 98 | . . 1 1 . 44 2 . . 2 12 36 AOE 196 | . . 23 . . 118 . . . . 12 43 Terrain Rammed . | . . . . . . . . . . . . Walls Destroyed . | . . . . . . . . . . . . Machines Disabled . | . . . . . . . . . . . . Actions | -11 -10 -10 -8 -8 -6 -6 -6 -6 -5 -5 -5 --------- Run | Yrd Mat Sub Rec Scr Fac Low Low Zio Pro Fac Ext Total 12188 | 76 1520 929 692 2507 2275 664 175 1002 354 650 1344 Wait 915 | . 420 22 6 . 205 86 7 11 7 13 138 Move 10327 | 58 996 844 646 2489 1777 499 151 972 330 571 994 Hop . | . . . . . . . . . . . . Pick Up 105 | 5 13 4 4 12 32 13 5 2 2 7 6 Fast Attach 59 | 7 1 4 2 . 21 3 1 4 . 11 5 Attach 40 | . . 1 . . 13 10 1 1 1 2 11 Detach 11 | . . . . . 3 4 1 1 . 2 . Swap 95 | 2 18 10 5 . 38 3 1 3 2 6 7 Drop 117 | . 16 8 5 6 42 5 8 6 2 12 7 Fire 384 | 4 47 35 24 . 129 35 . 1 10 26 73 Melee 35 | . 7 1 . . 15 5 . 1 . . 6 Ram 6 | . . . . . . . . . . . 6 Kick 2 | . 2 . . . . . . . . . . Crush . | . . . . . . . . . . . . Escape Stasis 9 | . . . . . . . . . . . 9 Rewire 82 | . . . . . . . . . . . 82 Trap . | . . . . . . . . . . . . Miscellaneous 1 | . . . . . . 1 . . . . . Route ------- -11/Scrapyard -10/Materials (discovered 5 exits: [*Mat x3] / [*Min] / [*Sub]) -10/Subcaves (discovered 2 exits: [*Mat] / *Rec) -8/Recycling (discovered 2 exits: *Fac / *Scr) -8/Scraptown (discovered 2 exits: *Fac x2) -6/Factory (discovered 2 exits: *Low x2) -6/Lower Caves -6/Lower Caves -6/Zion -5/Proximity Caves -5/Factory (discovered 5 exits: Fac x3 / *Ext x2) -5/Extension (discovered 2 exits: *Fac / Cet) History --------- Turn | Location | Event 28 | -11/Scrapyard | Discovered new exit (range 15) 100 | -11/Scrapyard | Entered Materials 310 | -10/Materials | Build established: Mutant 497 | -10/Materials | Discovered new exit (range 13) 503 | -10/Materials | Central database locked down 724 | -10/Materials | Discovered new exit (range 15) 908 | -10/Materials | Build established: Scavenger-Mutant 1206 | -10/Materials | Discovered new exit (range 7) 1339 | -10/Materials | Discovered new exit (range 9) 1484 | -10/Materials | Build established: Mutant 1640 | -10/Materials | Repaired Particle Gun 2118 | -10/Materials | Discovered new exit (range 3) 2123 | -10/Materials | Entered Subcaves 2270 | -10/Subcaves | A swath of the cavern ceiling suddenly collapsed 2309 | -10/Subcaves | Discovered new exit (range 7) 2969 | -10/Subcaves | Build established: Scavenger-Mutant 3163 | -10/Subcaves | Core integrity fell below 50% 3314 | -10/Subcaves | Core integrity fell below 20% 3328 | -10/Subcaves | Discovered new exit (range 14) 3367 | -10/Subcaves | Entered Recycling 4232 | -8/Recycling | Discovered new exit (range 16) 4475 | -8/Recycling | Scanned before Scraplab entrance 4609 | -8/Recycling | Discovered new exit (range 2) 4614 | -8/Recycling | Entered Scraptown 4728 | -8/Scraptown | Build established: Mutant 5296 | -8/Scraptown | Discovered new exit (range 5) 5370 | -8/Scraptown | Scanned Subdweller tech in exchange for log data 5375 | -8/Scraptown | Learned Research garrison access intel 5378 | -8/Scraptown | Learned Research emergency access door positions 5380 | -8/Scraptown | Learned Factory terminal intel 5382 | -8/Scraptown | Learned Factory emergency access door positions 5454 | -8/Scraptown | Visited Red Mages 5553 | -8/Scraptown | Visited Fellowship of the Rings 6134 | -8/Scraptown | Visited Shadow of the Wyrm 6174 | -8/Scraptown | Visited Awakened 6364 | -8/Scraptown | Visited Cyclists 6398 | -8/Scraptown | Visited Science Testing Area 6436 | -8/Scraptown | Visited UFD Registry 6436 | -8/Scraptown | Registered with UFD as "Monoflow" 6522 | -8/Scraptown | Visited Chapter 10 6575 | -8/Scraptown | Visited Botcube Research 6808 | -8/Scraptown | Discovered new exit (range 5) 6894 | -8/Scraptown | Visited Cartography Club 6966 | -8/Scraptown | Visited Derelict Rescue Squad 7058 | -8/Scraptown | Visited Analyses Database 7211 | -8/Scraptown | Visited Research Penetration Think Tank 7360 | -8/Scraptown | Delivered Scrap Shield to a Scientist 7679 | -8/Scraptown | Visited Scrapoid Research Area 7739 | -8/Scraptown | Visited Science Guys 7828 | -8/Scraptown | Visited Scrapoid Pod Storage 7996 | -8/Scraptown | Entered Cyclist Reading Room 8169 | -8/Scraptown | Guru changed UFD alias to "Cargobot" 8746 | -8/Scraptown | Found DRS Beacon 8891 | -8/Scraptown | Found Scrap Suit 8894 | -8/Scraptown | Found Scrap Suit 8925 | -8/Scraptown | Found Scrap Suit 9065 | -8/Scraptown | Found Botcube 9208 | -8/Scraptown | Found Scrapoid Pod 10603 | -8/Scraptown | Entered Factory 10603 | -6/Factory | Evolved 8 slots: Propulsion x2, Utility x6 10605 | -6/Factory | Loaded intel: 26 terminal locations 10889 | -6/Factory | Garrison activated, responded to threat 11794 | -6/Factory | Build established: Scavenger-Mutant 11991 | -6/Factory | Cargo convoy interrupted 12288 | -6/Factory | Identified exit to Lower Caves 12639 | -6/Factory | Spotted B-75 Beast 12700 | -6/Factory | Destroyed B-75 Beast 12754 | -6/Factory | Lost 4 parts (1p1n2u) 13220 | -6/Factory | Repaired Hrd. Medium Armor Plating 14103 | -6/Factory | First assault squad dispatched 14261 | -6/Factory | Entered Lower Caves 14263 | -6/Lower Caves | UFD Scientist delivered a prototype 14272 | -6/Lower Caves | Found Prototype Protection 14274 | -6/Lower Caves | Identified Enh. Scrap Shield 14334 | -6/Lower Caves | Build established: Mutant 14384 | -6/Lower Caves | Learned 4 Factory zone layouts 14554 | -6/Lower Caves | Attracted the attention of an 0b10 checkpoint 14685 | -6/Lower Caves | Spotted B-75 Beast 14699 | -6/Lower Caves | Activated DRS Beacon 14757 | -6/Lower Caves | Lost 4 parts (2n1u1w) 14976 | -6/Lower Caves | Lost 3 allies 14984 | -6/Lower Caves | System corruption reached 10% 15041 | -6/Lower Caves | Core integrity fell below 50% 15052 | -6/Lower Caves | Attracted the attention of an 0b10 base 15261 | -6/Lower Caves | Scrapoid Pod released 06L06-D (x5) 15383 | -6/Lower Caves | Discovered new exit (range 7) 15385 | -6/Lower Caves | Build established: Scavenger-Mutant 15391 | -6/Lower Caves | Entered another Lower Caves area 15391 | -6/Lower Caves | Accompanied by 4 allies 15430 | -6/Lower Caves | Spotted B-75 Beast 15439 | -6/Lower Caves | Allies destroyed B-75 Beast 15524 | -6/Lower Caves | Discovered new exit (range 8) 15532 | -6/Lower Caves | Entered Zion 15532 | -6/Zion | Accompanied by 1 ally 15612 | -6/Zion | System corruption cleaned by Quarantine Array 15658 | -6/Zion | Discovered new exit (range 15) 15703 | -6/Zion | Found CR-A16's Pointy Stick 15723 | -6/Zion | Build established: Scavenger-Scrapper 15887 | -6/Zion | Given A8's code to call for help 15922 | -6/Zion | Learned 4 Factory zone layouts 15993 | -6/Zion | Learned 4 Factory zone layouts 16157 | -6/Zion | Turned away by Imprinter 16237 | -6/Zion | Found Prototype Device 16237 | -6/Zion | Identified Phasing AFG 16344 | -6/Zion | Entered Proximity Caves 16344 | -5/Proximity Caves | Accompanied by 1 ally 16432 | -5/Proximity Caves | Learned Factory stockpile data 16568 | -5/Proximity Caves | Spotted B-75 Beast 16646 | -5/Proximity Caves | Discovered new exit (range 3) 16653 | -5/Proximity Caves | Entered Factory 16653 | -5/Factory | Evolved 2 slots: Weapon x2 16654 | -5/Factory | Identified exit to Factory 16654 | -5/Factory | Identified exit to Extension 17051 | -5/Factory | Discovered exit to Extension (range 12) 17146 | -5/Factory | Spotted B-75 Beast 17188 | -5/Factory | Garrison activated, responded to threat 17285 | -5/Factory | Entered Extension 17366 | -5/Extension | Enhanced Grunt warped into view, answering call for help 17366 | -5/Extension | Enhanced Grunt warped into view, answering call for help 17472 | -5/Extension | Identified exit to Cetus 17509 | -5/Extension | Energy Cycler disabled 17510 | -5/Extension | Rescued a captive Derelict 17510 | -5/Extension | Rescued a captive Derelict 17510 | -5/Extension | Rescued a captive Derelict 17511 | -5/Extension | Rescued a captive Derelict 17514 | -5/Extension | Rescued a captive Derelict 17515 | -5/Extension | Rescued a captive Derelict 17519 | -5/Extension | Repaired Imp. Medium Armor Plating 17524 | -5/Extension | Rescued A7 17535 | -5/Extension | Botcube activated 17545 | -5/Extension | Botcube completed mutation into treaded form, armed with 1 cannon. 17585 | -5/Extension | First assault squad dispatched 17706 | -5/Extension | P-70 Sage assimilated allied TC-HGL(b) 17760 | -5/Extension | Disrupted transfer network 18064 | -5/Extension | Spotted B-75 Beast 18080 | -5/Extension | Allies destroyed B-75 Beast 18084 | -5/Extension | Spotted B-75 Beast 18086 | -5/Extension | Discovered exit to Factory (range 15) 18102 | -5/Extension | Allies destroyed A7 18106 | -5/Extension | Allies destroyed B-75 Beast 18127 | -5/Extension | Extracted ID and sensor layout for unrecognized location from A7's data core 18142 | -5/Extension | Lost 3 parts (1p1u1w) 18521 | -5/Extension | High security lockdown imminent 18593 | -5/Extension | Lost 5 parts (1p2u2w) 18595 | -5/Extension | Lost 6 allies 18597 | -5/Extension | Destroyed 9 combat bots 18601 | -5/Extension | High security lockdown engaged 18654 | -5/Extension | Core integrity fell below 50% 18658 | -5/Extension | Core integrity fell below 20% 18659 | -5/Extension | Destroyed by L-41 Fighter with Axe Last Messages --------------- 18646_ Slammed into L-41 Fighter. 18647_ C-30 ARC bursts open, deploying its payload. 18647_ G-67 Veteran unfolds itself. 18647_ G-50 Soldier unfolds itself. 18647_ M-28 Smith unfolds itself. 18647_ Mak. Microdissipator Network destroyed. 18647_ Scrap Suit destroyed. 18647_ Fission Core severed. 18647_ Slammed into G-67 Veteran. 18650_ Ovr. Huge Scrapsphere destroyed. 18650_ Slammed into G-67 Veteran. 18652_ Acquired 3 matter. 18652_ E-15 Imp destroyed. 18652_ G-50 Soldier destroyed. 18653_ Smartbomb Launcher destroyed. 18654_ Ovr. Huge Scrapsphere destroyed. 18655_ G-67 Veteran destroyed. 18656_ CR-A16's Pointy Stick severed. 18657_ Adv. Targeting Computer severed. 18658_ M-28 Smith repairs L-41 Fighter. Map ----- +----------------------------------------------------+ | | | | | | | | | | | | | | | ????????????????????????????????????????? | | ?###????????????????????????????????????? | | ## ###??????##??????????????????????????? | | # ####### #??????????????????????????? | | #???????????##??????????????? | | #########???? *??????????????? | | % % + ??????????????? | | = ##### # ??????????????? | | %! #???????????#==??????????????? | | ###???????????+ ??????????????? | | # #????????????#g ??????????????? | | # ####????????????#/##+#???????????? | | ## #???????????????# ##??????????? | | #####??????????????## = #??????????? | | ####?????????????????## i%[ #?????#????? | | #???????????????????# g g #?? #????? | | ##??????????????????# lg[g # #????? | | ################### lbl g #????? | | % g/@g% % #????? | | # ################# l/l #????? | | #????????????????## m ##i #????? | | ??????????????????########??? #????? | | ##?????????????????????????????????#????? | | #???????????????????????????????????????? | | ????????????????????????????????????????? | | ????????????????????????????????????????? | | ????????????????????????????????????????? | | ????????????????????????????????????????? | | ????????????????????????????????????????? | | ????????????????????????????????????????? | | ????????????????????????????????????????? | | ????????????????????????????????????????? | | ????????????????????????????????????????? | | ????????????????????????????????????????? | | ????????????????????????????????????????? | | ????????????????????????????????????????? | | ????????????????????????????????????????? | | ????????????????????????????????????????? | | ??????????????????????????????????????>?? | | ????????????????????????????????????????? | | ????????????????????????????????????????? | | ????????????????????????????????????????? | | ????????????????????????????????????????? | +----------------------------------------------------+ Best States ------------- Heat Dissipation 97 Coolant Potential 65 Energy Generation 19 Energy Capacity 510 Matter Stores 300 Matter Capacity 300 Sight Range 16 Robot Scan Range 15 Terrain Scan Range 20 Terrain Scan Density 10 Additional Mass Support 12 Armor Coverage 800 Utility Shielding 66 Weapon Cycling 20 Evasion (%) 63 Targeting Accuracy 8 Target Analysis 6 Recoil Reduction 6 Kinecelleration 30 Salvage Targeting 2 Item Schematics ----------------- Hyp. Gauss Cannon | -6/Zion | Archive Adv. Terrain Scanner | -6/Zion | Archive Imp. Force Field | -6/Zion | Archive Phase Gun | -6/Zion | Archive Arm. Leg | -6/Zion | Archive Tesla Rifle | -6/Zion | Archive Imp. Shock Absorption System | -6/Zion | Archive Fission Core | -6/Zion | Archive Arm. Medium Treads | -6/Zion | Archive Thermic Laser | -6/Zion | Archive Mass Driver | -6/Zion | Archive Matter Compressor | -6/Zion | Archive Imp. Weapon Cycler | -6/Zion | Archive Hvy. Flak Cannon | -6/Zion | Archive Imp. KE Penetrator | -6/Zion | Archive Robot Schematics ------------------ R-10 Processor | -6/Zion | Archive K-01 Serf | -6/Zion | Archive Fabricated ------------ Nothing Alien Tech Used ----------------- None Achievements -------------- None Challenges ------------ None Game ------ Seed LaserThermalCloak Manual? 0 Play Time 03:03:09 Cumulative 506.3 hours Start 2024.08.07 @ 12:59:15 End 2024.08.08 @ 15:24:16 Sessions 5 Manual Loads 0 Difficulty Rogue Special Mode None Game No. 151 Rogue 112 Adventurer 0 Explorer 39 Win Type - Total 14 Types 11/1/1/1/0/0/0/0/0 Lore% 64 Gallery% 79 Achievement% 72 Wizard Run 0 Options --------- Layout 0 ASCII 1 Keyboard 1 Movement Arrows Keybinds 0 Fullscreen 2 Font 36/Smallcaps Map View 76x50 Zoom Use 0% Tactical HUD 1 Map Filters NONE Filters NONE Steam 1 RUN: d4b83905-b31b-481b-a242-38379a00e850